AoeStats
← BartBroz

Oasis

509004659Analyzed
3v3 RM · 7d ago on Sep 25, 2026· 49m 9s· 6 players
Game mode
Random Map
Map size
Normal (6 player)
Population
200
Speed
Normal
Resources
Standard
Victory
Conquest
Starting age
Dark Age
Ending age
Imperial Age
RankedLock teamsTeams togetherTeam positionsShared explorationLock speedFull tech treeHidden civsTurbo modeCheats
Victory
Defeat
🇨🇦 Persians · Canada
836
+16
🇨🇦 Berbers · Canada
831
+17
🇨🇦 Gurjaras · Canada
816
+17
🇧🇷 Wei · Brazil
942
-20
🇧🇷 Maya · Brazil
863
-18
🇧🇷 Persians · Brazil
725
-12
coralhansonmlbb
4:54 Loom
12:45 Feudal Age
14:42 Wheelbarrow
16:04 Double-Bit Axe
17:31 Horse Collar
21:40 Castle Age
20:03 Forging
19:49 Fletching
20:02 Padded Archer Armor
22:59 Hand Cart
23:29 Bodkin Arrow
23:50 Leather Archer Armor
26:11 Heavy Plow
26:26 Bow Saw
28:55 Forging
28:51 Scale Barding Armor
30:36 Kasbah
46:12 Imperial Age
48:06 Chemistry
47:27 Ballistics
48:04 Iron Casting
47:33 Bracer
48:03 Ring Archer Armor
47:45 Elite Camel Archer
48:31 Maghrebi Camels
49:05 Caravan
MehPickles
11:14 Feudal Age
15:17 Castle Age
13:51 Double-Bit Axe
13:59 Horse Collar
17:28 Loom
23:48 Fletching
23:24 Crossbowman
25:55 Bloodlines
26:56 Husbandry
29:26 Scale Barding Armor
29:50 Stone Mining
30:31 Heavy Plow
30:47 Bow Saw
33:52 Kshatriyas
34:56 Chain Barding Armor
36:59 Wheelbarrow
40:46 Imperial Age
42:18 Conscription
45:43 Chemistry
48:12 Forging
49:31 Conscription
dangar_mdh
5:01 Loom
10:12 Feudal Age
15:31 Castle Age
13:37 Double-Bit Axe
14:06 Horse Collar
18:33 Wheelbarrow
18:19 Bow Saw
19:42 Heavy Plow
23:06 Stone Mining
23:07 Gold Mining
23:38 Hand Cart
28:09 Gold Shaft Mining
28:10 Stone Shaft Mining
30:53 Imperial Age
30:05 Scale Barding Armor
30:12 Forging
30:17 Bloodlines
30:07 Husbandry
32:08 Elite War Elephant
33:12 Conscription
34:26 Iron Casting
34:32 Chain Barding Armor
35:39 Crop Rotation
36:15 Two-Man Saw
LaBoka69
0:31 Loom
10:24 Feudal Age
11:17 Double-Bit Axe
14:50 Wheelbarrow
18:48 Castle Age
16:56 Horse Collar
21:10 Forging
21:29 Squires
22:41 Iron Casting
23:31 Eagle Warrior
23:57 Arson
24:48 Scale Mail Armor
28:11 Hand Cart
27:53 Pikeman
27:59 Elite Skirmisher
28:40 Gold Mining
28:42 Stone Mining
32:55 Heavy Plow
33:38 Bow Saw
36:32 Imperial Age
35:49 Hul'che Javelineers
36:28 Chain Mail Armor
37:14 Halberdier
Cutin Mele
2:01 Loom
11:18 Feudal Age
11:57 Double-Bit Axe
11:55 Horse Collar
12:06 Gold Mining
13:59 Wheelbarrow
15:04 Stone Mining
20:05 Castle Age
18:33 Bloodlines
18:59 Forging
19:41 Scale Barding Armor
20:58 Bow Saw
20:50 Heavy Plow
27:53 Gold Shaft Mining
27:54 Stone Shaft Mining
27:45 Husbandry
28:56 Chain Barding Armor
30:21 Hand Cart
29:55 Town Watch
31:28 Iron Casting
31:44 Town Patrol
35:10 Imperial Age
34:02 Tuntian
35:14 Heavy Hei Guang Cavalry
36:55 Blast Furnace
35:42 Elite Tiger Cavalry
36:43 Conscription
37:55 Crop Rotation
39:31 Chemistry
38:51 Ballistics
38:26 Elite Skirmisher
39:10 Padded Archer Armor
39:00 Fletching
43:15 Murder Holes
43:52 Arson
44:08 Squires
43:28 Pikeman
45:20 Scale Mail Armor
45:06 Halberdier
46:04 Leather Archer Armor
46:18 Chain Mail Armor
BartBroz
11:43 Feudal Age
15:03 Double-Bit Axe
14:49 Man-at-Arms
15:26 Loom
16:17 Wheelbarrow
15:29 Town Watch
16:42 Gold Mining
16:43 Stone Mining
25:29 Castle Age
24:20 Scale Barding Armor
28:08 Bow Saw
28:36 Gold Shaft Mining
30:26 Town Patrol
30:41 Hand Cart
31:49 Husbandry
33:32 Horse Collar
35:19 Fervor
38:57 Kamandaran
38:35 Elite Skirmisher
40:23 Parthian Tactics
41:57 Ballistics
44:12 Imperial Age
41:58 Hand Cart
42:27 Stone Shaft Mining
41:45 Crossbowman
42:35 Thumb Ring
46:02 Chemistry
47:57 Padded Archer Armor
48:07 Forging
Connection lost

Rejoining the realm…

Still unreachable

The connection could not be restored.

Session expired

The server has moved on; the page needs a fresh start.